 Dungeon Sprint DCSS version 0.23-a0-171-g5ae17c6 (webtiles) character file.

29150 Fang the Executioner (level 13, -7/100 HPs)
             Began as a Gargoyle Berserker on Sept 13, 2018.
             Was the Champion of Trog.
             Mangled by an orc warlord
             ... wielding the +8 great mace of Riygez {speed, *Drain rC+++ Str+7 Int-4}
              (20 damage)
             ... in the Dungeon (Sprint V: "Ziggurat Sprint").
             The game lasted 00:11:11 (2194 turns).

Fang the Executioner (Gargoyle Berserker)           Turns: 2194, Time: 00:11:11

Health: -7/100     AC: 19    Str: 25    XL:     13   Next: 43%
Magic:  4/4        EV: 14    Int: 15    God:    Trog [******]
Gold:   0          SH:  0    Dex:  9    Spells: 12/12 levels left

rFire    + . .     SeeInvis .   a - +7 battleaxe (antimagic)
rCold    . . .     Gourm    .   (shield currently unavailable)
rNeg     + + +     Faith    .   M - +1 ring mail of Absence {-Tele rCorr Int+3}
rPois    ∞         Spirit   .   K - +0 helmet {Int+3}
rElec    +         Reflect  .   (no cloak)
rCorr    +         Harm     .   (no gloves)
MR       +++..     Clarity  +   (no boots) Stlth +++.......NoTele +
                                G - amulet of the Four Winds {rN+ MR+++ Clar}
HPRegen  0.26/turn              H - ring of Lies {rPois rN+}
MPRegen  0.09/turn              S - ring "Cyna Mir" {-Tele +Inv rF+ Stlth+}

@: berserk cooldown, slowed, very slow
A: negative energy resistance 1, electricity resistance, unbreathing,
petrification resistance, rot immunity, AC +9
a: Berserk, Trog's Hand, Brothers in Arms, Renounce Religion, Evoke Invisibility


You were in the Dungeon.
You worshipped Trog.
Trog was exalted by your worship.
You were not hungry.

You visited 1 branch

Inventory:

Hand Weapons
 a - a +7 antimagic battleaxe (weapon)
 k - a +5 executioner's axe of venom
 t - a +1 hand axe of flaming
 B - a +6 battleaxe of chopping
 L - a +1 battleaxe of freezing
 O - a +6 war axe of distortion
Missiles
 Q - 4 silver javelins (quivered)
Armour
 K - a +0 helmet of intelligence (worn)
 M - the +1 ring mail of Absence (worn) {-Tele rCorr Int+3}
   (You found it in the Dungeon)

   It affects your intelligence (+3).
   It prevents most forms of teleportation.
   It provides partial protection from all sources of acid and corrosion.
 P - a +1 robe of magic resistance
Jewellery
 b - the macabre finger necklace {rN+}
   (You found it in the Dungeon)

   [amulet of nothing]

   It protects you from negative energy.
 j - the ring of Rekum {Ice Slay+2}
   (You found it in the Dungeon)

   [ring of ice]

   It enhances your ice magic.
   It affects your accuracy and damage with ranged weapons and melee attacks
   (+2).
   It makes you vulnerable to fire.
   It protects you from cold.
 E - the ring "Wic Page" {*Corrode rC+ Str+4 Stlth-}
   (You found it in the Dungeon)

   [ring of attention]

   It affects your strength (+4).
   It protects you from cold.
   It may corrode you when you take damage.
   It makes you less stealthy.
 G - the amulet of the Four Winds (around neck) {rN+ MR+++ Clar}
   (You found it in the Dungeon)

   [amulet of nothing]

   It protects you from negative energy.
   It affects your resistance to hostile enchantments.
   It protects you against confusion.
 H - the ring of Lies (left hand) {rPois rN+}
   (You found it in the Dungeon)

   [ring of positive energy]

   It protects you from poison.
   It protects you from negative energy.
 R - the ring "Kialaot" {Ice +Blink Str-4 Int-4 Dex+5}
   (You found it in the Dungeon)

   [ring of ice]

   It enhances your ice magic.
   It affects your strength (-4).
   It affects your intelligence (-4).
   It affects your dexterity (+5).
   It makes you vulnerable to fire.
   It protects you from cold.
   It lets you blink.
 S - the ring "Cyna Mir" (right hand) {-Tele +Inv rF+ Stlth+}
   (You found it in the Dungeon)

   [ring of protection from fire]

   It protects you from fire.
   It lets you turn invisible.
   It prevents most forms of teleportation.
   It makes you more stealthy.
Wands
 w - a wand of disintegration (7)
 x - a wand of iceblast (7)
 y - a wand of acid (7)
Scrolls
 i - 4 scrolls of blinking
 l - 7 scrolls of fog
 m - a scroll of holy word
 n - 5 scrolls of identify
 o - 5 scrolls of remove curse
 p - 2 scrolls of fear
 N - 4 scrolls of enchant weapon
Potions
 d - 10 potions of curing
 e - 13 potions of heal wounds
 f - 6 potions of haste
 g - 7 potions of magic
 h - 3 potions of berserk rage
 q - 2 potions of brilliance
 r - 2 potions of invisibility
 s - 4 potions of resistance
 u - 6 potions of agility
 v - 5 potions of might
Miscellaneous
 z - 2 boxes of beasts
 A - a lamp of fire
 C - 5 sacks of spiders
 F - a lamp of fire
Comestibles
 c - 4 rations


   Skills:
 + Level 19.1 Fighting
 + Level 21.0 Axes
 + Level 11.3 Armour
 + Level 7.4 Dodging
 + Level 3.7 Stealth


You had 12 spell levels left.
You didn't know any spells.
Your spell library was empty.

Dungeon Overview and Level Annotations

Branches:
Dungeon (1/1)

Altars:
Ashenzari
Cheibriados
Dithmenos
Elyvilon
Fedhas
Gozag
Hepliaklqana
Kikubaaqudgha
Makhleb
Nemelex Xobeh
Okawaru
Qazlal
Ru
Sif Muna
Trog
Uskayaw
Vehumet
Wu Jian
Xom
Yredelemnul
Zin
The Shining One
Beogh
Jiyva
Lugonu

Annotations:
D 1 transporter


Innate Abilities, Weirdness & Mutations

You are resistant to torment.
Your stone body is resilient. (AC +9)
You are immune to poison.
You resist negative energy. (rN+)
You are resistant to electric shocks. (rElec)
You can survive without breathing.
You are immune to petrification.
You are immune to rotting.


Message History

Unknown command.
You are too injured to fight recklessly!
Unknown command.
You slice the orc warrior!!
You kill the orc warrior!
Trog accepts your kill.
You slash the troll! You slash the orc high priest!
You hit the orc knight but do no damage.
You slice the orc warlord!!
The orc warrior hits your stone giant with a scimitar!
The troll bites you. The troll closely misses you.
The troll claws you but does no damage.
The orc high priest hits your stone giant but does no damage.
Your stone giant is devoured by a tear in reality.
The orc high priest barely misses you.
The orc warrior hits you from afar with a trident!!
* * * LOW HITPOINT WARNING * * *
The orc knight hits you but does no damage.
The orc warlord hits you with the +8 great mace of Riygez {speed, *Drain rC+++ You die...

▓▓▓▓▓▓▓▓▓▓
▓.....8©8.....▓....8©8..
▓..)[}.}."|...▓...=::):|
▓...!:))[))...▓..)..:.:|
▓.............▓.........
▓.............▓.........
▓.....oTo.....▓.....÷)).
▓.....oooo....▓....)))..
▓.....T@§.....▓..▓.....▓
▓..▓..T§...▓..▓.▓.▓...▓.
▓ ▓▓.....▓▓ ▓..▓.....▓
▓..▓.......▓..▓.....©...
▓.............▓▓▓▓▓▓▓▓▓▓
▓......©......▓....8©8..
▓▓▓▓▓▓▓▓▓▓▓▓▓▓▓..:)))):|
▓....):|.[ ▓.........


You could see an orc warlord, an orc knight, an orc high priest, 3 trolls and 3
orc warriors.

Vanquished Creatures
  A ghoul (D)
  2 vampire knights (D)
  3 mummy priests (D)
  A blizzard demon (D)
  A death scarab (D)
  2 soul eaters (D)
  An unseen horror (shapeshifter) (D)
  2 necromancers (D)
  A harpy (shapeshifter) (D)
  6 ugly things (D)
  An orc sorcerer (D)
  4 shining eyes (D)
  9 toenail golems (D)
  3 eyes of devastation (D)
  A freezing wraith (D)
  An ice devil (D)
  A queen bee (shapeshifter) (D)
  A raiju (shapeshifter) (D)
  A flying skull (D)
  5 shadows (D)
  6 vampires (D)
  An ushabti (D)
  2 neqoxecs (D)
  A warg (D)
  3 hell hounds (D)
  A floating eye (D)
  An orc warrior (D)
  An eye of draining (D)
  A tengu (shapeshifter) (D)
  2 ogres (D)
  2 wights (D)
  2 orc priests (D)
  4 jellies (D)
  An iron imp (D)
  2 orc wizards (D)
  5 mummies (D)
  2 white imps (D)
  A spectral adder (D)
  2 adder zombies (D)
  An ooze (D)
  3 adder skeletons (D)
  An orc (D)
  3 spectral bats (D)
  6 bat skeletons (D)
  5 bat zombies (D)
  A ball python zombie (D)
  A giant cockroach zombie (D)
  A jackal skeleton (D)
  A leopard gecko zombie (D)
110 creatures vanquished.

Vanquished Creatures (collateral kills)
  An orc high priest (D)
  A necromancer (D)
  A freezing wraith (D)
  An ice devil (D)
  A guardian mummy (D)
  3 wights (D)
  An adder zombie (D)
  An adder skeleton (D)
10 creatures vanquished.

Vanquished Creatures (others)
  A spatial maelstrom (D)
1 creature vanquished.

Grand Total: 121 creatures vanquished

Notes
Turn   | Place    | Note
-------+----------+-------------------------------------------
     0 | D        | Found the +6 Majin-Bo {vamp, Archmagi MP+6 Int+6}
     0 | D        | Found the +7 great mace "Firestarter" {inner flame, rF++}
     0 | D        | Fang the Gargoyle Berserker began the quest for the Orb.
     0 | D        | Reached XP level 1. HP: 14/14 MP: 1/1
     3 | D        | Found a blossoming altar of Fedhas.
     4 | D        | Found a viscous altar of Jiyva.
     4 | D        | Found a hazy altar of Hepliaklqana.
     4 | D        | Found a transporter.
     4 | D        | Found an opulent altar of Gozag.
     4 | D        | Found an ancient bone altar of Kikubaaqudgha.
     4 | D        | Found a corrupted altar of Lugonu.
     6 | D        | Banished a spatial maelstrom
    21 | D        | Found a burning altar of Makhleb.
    22 | D        | Found a sacrificial altar of Ru.
    22 | D        | Found a stormy altar of Qazlal.
    22 | D        | Found a deep blue altar of Sif Muna.
    22 | D        | Found an iron altar of Okawaru.
    22 | D        | Found a bloodstained altar of Trog.
    22 | D        | Found a sparkling altar of Nemelex Xobeh.
    72 | D        | Entered arena 2.
    72 | D        | Noticed a toenail golem
    72 | D        | Noticed a toenail golem
    72 | D        | Found a transporter.
    77 | D        | Killed a toenail golem
    77 | D        | Reached skill level 8 in Axes
    77 | D        | Reached XP level 2. HP: 27/27 MP: 2/2
    77 | D        | Reached XP level 3. HP: 32/32 MP: 3/3
    77 | D        | Reached XP level 4. HP: 36/36 MP: 4/4
    77 | D        | Reached XP level 5. HP: 41/41 MP: 5/5
    77 | D        | Reached XP level 6. HP: 47/47 MP: 6/6
    79 | D        | Killed a toenail golem
    79 | D        | Reached skill level 10 in Axes
    79 | D        | Reached skill level 5 in Armour
    79 | D        | Reached XP level 7. HP: 54/54 MP: 7/7
   126 | D        | Entered arena 3.
   126 | D        | Noticed a toenail golem
   126 | D        | Noticed a toenail golem
   126 | D        | Noticed a toenail golem
   126 | D        | Found a transporter.
   127 | D        | Found the macabre finger necklace {rN+}
   132 | D        | Killed a toenail golem
   132 | D        | Reached ** piety under Trog
   132 | D        | Reached skill level 11 in Axes
   132 | D        | Reached XP level 8. HP: 60/60 MP: 8/8
   133 | D        | Killed a toenail golem
   134 | D        | Killed a toenail golem
   134 | D        | Reached skill level 12 in Axes
   134 | D        | Reached skill level 5 in Dodging
   134 | D        | Reached XP level 9. HP: 67/67 MP: 9/9
   281 | D        | Entered arena 4.
   281 | D        | Noticed a toenail golem
   281 | D        | Noticed a toenail golem
   281 | D        | Noticed a toenail golem
   281 | D        | Noticed a toenail golem
   281 | D        | Found a transporter.
   287 | D        | Killed a toenail golem
   287 | D        | Killed a toenail golem
   287 | D        | Reached *** piety under Trog
   287 | D        | Reached skill level 13 in Axes
   288 | D        | Killed a toenail golem
   290 | D        | Killed a toenail golem
   290 | D        | Reached skill level 14 in Axes
   318 | D        | Entered arena 5.
   318 | D        | Found a transporter.
   324 | D        | Reached **** piety under Trog
   324 | D        | Paralysed by a floating eye for 4 turns
   332 | D        | Got the cursed ring "Peyl" {rElec rF- MR++ EV-3}
   341 | D        | Entered arena 6.
   341 | D        | Found a transporter.
   345 | D        | Reached XP level 10. HP: 67/75 MP: 10/10
   347 | D        | Reached ***** piety under Trog
   396 | D        | Entered arena 7.
   396 | D        | Noticed an eye of devastation
   396 | D        | Noticed an eye of devastation
   396 | D        | Noticed an eye of devastation
   397 | D        | Found a transporter.
   401 | D        | Received a gift from Trog
   403 | D        | Killed an eye of devastation
   404 | D        | Killed an eye of devastation
   404 | D        | Reached skill level 15 in Axes
   406 | D        | Killed an eye of devastation
   461 | D        | Entered arena 8.
   461 | D        | Noticed a mummy priest
   461 | D        | Noticed a mummy priest
   462 | D        | Found a transporter.
   467 | D        | Received a gift from Trog
   476 | D        | Killed a mummy priest
   476 | D        | Reached skill level 16 in Axes
   478 | D        | Killed a mummy priest
   478 | D        | Reached skill level 15 in Fighting
   478 | D        | Noticed a soul eater
   500 | D        | Got the ring of Lies {rPois rN+}
   626 | D        | Reached XP level 11. HP: 82/82 MP: 3/11
   630 | D        | Entered arena 9.
   631 | D        | Found a transporter.
   637 | D        | Received a gift from Trog
   642 | D        | Reached skill level 17 in Axes
   645 | D        | Reached XP level 12. HP: 85/88 MP: 4/12
   771 | D        | Entered arena 10.
   772 | D        | Found a transporter.
   784 | D        | Received a gift from Trog
   785 | D        | Received a gift from Trog
   787 | D        | Reached skill level 18 in Axes
   913 | D        | Entered arena 11.
   914 | D        | Found a transporter.
   924 | D        | Reached ****** piety under Trog
   925 | D        | Received a gift from Trog
   929 | D        | Received a gift from Trog
  1034 | D        | Got the +1 ring mail of Absence {-Tele rCorr Int+3}
  1052 | D        | Entered arena 12.
  1052 | D        | Noticed a mummy priest
  1052 | D        | Noticed a death scarab
  1054 | D        | Killed a death scarab
  1054 | D        | Reached skill level 19 in Axes
  1054 | D        | Reached skill level 10 in Armour
  1060 | D        | Found a transporter.
  1064 | D        | Noticed a sun demon
  1067 | D        | Noticed a sun demon
  1070 | D        | Received a gift from Trog
  1080 | D        | Killed a mummy priest
  1327 | D        | Entered arena 13.
  1331 | D        | Received a gift from Trog
  1337 | D        | Received a gift from Trog
  1341 | D        | Received a gift from Trog
  1342 | D        | Found a transporter.
  1687 | D        | Entered arena 14.
  1689 | D        | Noticed a soul eater
  1689 | D        | Noticed a soul eater
  1690 | D        | Found the +3 Elemental Staff {rElec rF++ rC++ MR++ AC+5}
  1694 | D        | Received a gift from Trog
  1695 | D        | Found a transporter.
  1699 | D        | Killed a soul eater
  1699 | D        | Reached XP level 13. HP: 97/97 MP: 4/13
  1719 | D        | Got the ring "Kialaot" {Ice +Blink Str-4 Int-4 Dex+5}
  1721 | D        | Got the ring "Cyna Mir" {-Tele +Inv rF+ Stlth+}
  1846 | D        | Entered arena 15.
  1847 | D        | Noticed a blizzard demon
  1848 | D        | Found the +5 demon whip "Spellbinder" {antimagic, MR+}
  1849 | D        | Found a transporter.
  1853 | D        | Reached skill level 20 in Axes
  1854 | D        | Received a gift from Trog
  1863 | D        | Killed a blizzard demon
  1863 | D        | Received a gift from Trog
  1905 | D        | Got the ring of Rekum {Ice Slay+2}
  1922 | D        | Entered arena 16.
  1923 | D        | Noticed a vampire knight
  1923 | D        | Noticed a ghoul
  1924 | D        | Noticed a vampire knight
  1925 | D        | Found the amulet of the Four Winds {rN+ MR+++ Clar}
  1929 | D        | Found a transporter.
  1930 | D        | Received a gift from Trog
  1933 | D        | Killed a vampire knight
  1937 | D        | Received a gift from Trog
  1941 | D        | Killed a ghoul
  1943 | D        | Killed a vampire knight
  1980 | D        | Got the ring "Wic Page" {*Corrode rC+ Str+4 Stlth-}
  2178 | D        | Entered arena 17.
  2181 | D        | Noticed an orc warlord
  2185 | D        | Found a transporter.
  2188 | D        | Received a gift from Trog
  2190 | D        | Reached skill level 21 in Axes
  2194 | D        | Identified the +8 great mace of Riygez {speed, *Drain rC+++
                  | Str+7 Int-4}
  2194 | D        | Mangled by an orc warlord

Vault maps used:
D:        sprint_v

Skill      XL: |  1  2  3  4  5  6  7  8  9 10 11 12 13 |
---------------+----------------------------------------+-----
Fighting       | 9 11 12 14 15 18 19 | 19.1
Axes           | 8 10 11 12 14 16 17 19 21 | 21.0
Armour         | 4 5 6 7 8 10 11 | 11.3
Dodging        | 3 4 5 6 7 |  7.4
Stealth        | 3 |  3.7

Action                   |  1- 3 |  4- 6 |  7- 9 | 10-12 | 13-15 || total
-------------------------+-------+-------+-------+-------+-------++-------
Melee: Executioner's axe |     4 |     2 |    19 |    25 |       ||    50
       Broad axe         |       |       |       |    54 |       ||    54
       Battleaxe         |       |       |       |    33 |    38 ||    71
Invok: Berserk           |     1 |       |     2 |     7 |     3 ||    13
       Brothers in Arms  |       |       |       |     1 |     3 ||     4
  Use: Potion            |       |       |       |     2 |       ||     2
       Scroll            |       |       |       |     1 |       ||     1
  Eat: Chunk             |       |       |       |     4 |       ||     4
       Ration            |       |       |       |     2 |     2 ||     4
Armor: Shadow dragon sca |     4 |     1 |    13 |    52 |       ||    70
       Ring mail         |       |       |       |    26 |    13 ||    39
Dodge: Dodged            |     2 |     1 |    10 |    67 |    18 ||    98

Table legend:
 A = Non-vault XP
 B = Vault XP
 C = Vault XP percentage of total XP
 D = Non-vault monster count
 E = Vault monster count
 F = Vault count percentage of total count
                 A         B        C        D         E       F
            +---------+---------+-------+---------+---------+-------
      Total |       0 |   32731 | 100.0 |       0 |     120 | 100.0
            +---------+---------+-------+---------+---------+-------
          D |       0 |   32731 | 100.0 |       0 |     120 | 100.0
            +---------+---------+-------+---------+---------+-------
